 Dungeon Crawl Stone Soup version 0.30-a0-870-gc5d4c5acee (webtiles) character file.

Game seed: 16314115967365954412

4642 cforsyth the Fighter (level 10, -1/85 HPs)
             Began as a Barachi Fighter on Mar 12, 2023.
             Was an Initiate of Cheibriados.
             Succumbed to barbed spike wounds
             ... on level 9 of the Dungeon.
             The game lasted 00:13:18 (8674 turns).

cforsyth the Fighter (Barachi Fighter)              Turns: 8674, Time: 00:13:19

Health: -1/85      AC: 16    Str: 18    XL:     10   Next: 43%
Magic:  0/10       EV:  9    Int: 11    God:    Cheibriados [......]
Gold:   345        SH:  8    Dex: 24    Spells: 9/9 levels left

rFire   + . .      SeeInvis +    m - +4 falchion "Xuiro" {spect, rElec Int+2 Dex+4 SInv}
rCold   + . .      Faith    .    c - +0 buckler
rNeg    . . .      Spirit   +    B - +5 scale mail of Space {Dex+4}
rPois   .          Reflect  .    F - +0 helmet
rElec   +          Rampage  .    (no cloak)
rCorr   .                        (no gloves)
Will    .....                    E - +0 pair of boots
Stlth   +                        o - amulet of guardian spirit
HPRegen 0.34/turn                k - ring of protection from fire
MPRegen 0.12/turn                w - ring of protection from cold

@: spiked, very slow
A: amphibious, slowness 1, strong legs 1, +LOS, see invisible, electricity
resistance, weak 1
a: Hop, Renounce Religion


You were on level 9 of the Dungeon.
You worshipped Cheibriados.
Cheibriados was noncommittal.
You visited 2 branches of the dungeon, and saw 10 of its levels.

You collected 489 gold pieces.
You spent 144 gold pieces at shops.

Inventory:

Hand Weapons
 a - a +0 war axe
 m - the +4 falchion "Xuiro" (weapon) {spect, rElec Int+2 Dex+4 SInv}
   (You bought it in a shop on level 2 of the Dungeon)

   Int:       It affects your intelligence (+2).
   Dex:       It affects your dexterity (+4).
   rElec:     It insulates you from electricity.
   SInv:      It lets you see invisible.
 L - the +9 mace of Hugging Extermination {heavy, Will+ rCorr}
   (You found it on level 8 of the Dungeon)

   rCorr:     It protects you from acid and corrosion.
   Will:      It increases your willpower.
Missiles
 y - a throwing net
Armour
 b - a +0 scale mail
 c - a +0 buckler (worn)
 B - the +5 scale mail of Space (worn) {Dex+4}
   (You found it on level 6 of the Dungeon)

   Dex:       It affects your dexterity (+4).
 E - a +0 pair of boots (worn)
 F - a +0 helmet (worn)
Jewellery
 k - a ring of protection from fire (left hand)
 o - an amulet of guardian spirit (around neck)
 u - a ring of magical power
 w - a ring of protection from cold (right hand)
 D - the ring of Duafof {Drain rPois rF+ rN+ EV+5 Str+4 Dex+5}
   (You took it off an orc warrior on level 6 of the Dungeon)

   [ring of evasion]

   EV:        It affects your evasion (+5).
   Str:       It affects your strength (+4).
   Dex:       It affects your dexterity (+5).
   rF:        It protects you from fire.
   rPois:     It protects you from poison.
   rN:        It protects you from negative energy.
   Drain:     It drains your maximum health when unequipped.
Wands
 n - a wand of mindburst (2)
 p - a wand of digging (7)
 s - a wand of flame (28)
 C - a wand of iceblast (16)
Scrolls
 f - 6 scrolls of identify
 h - 2 scrolls of teleportation
 l - 2 scrolls of fear {unknown}
 q - a scroll of noise {unknown}
 r - 4 scrolls of poison
 t - a scroll of summoning {unknown}
 v - a scroll of enchant armour {unknown}
 z - 2 scrolls of vulnerability {unknown}
 A - 4 scrolls of fog {unknown}
 I - a scroll of brand weapon {unknown}
 K - 3 scrolls of magic mapping {unknown}
 M - a scroll of enchant weapon {unknown}
Potions
 d - 2 potions of might
 e - 3 potions of ambrosia
 g - a potion of flight
 i - 4 potions of mutation
 x - 3 potions of curing {unknown}
 G - a potion of cancellation {unknown}
 H - a potion of invisibility {unknown}
 J - a potion of heal wounds {unknown}


   Skills:
 + Level 10.0 Fighting
 + Level 7.1 Long Blades
 - Level 3.2 Axes
 + Level 10.0 Armour
 + Level 9.2 Shields


You had 9 spell levels left.
You didn't know any spells.
Your spell library contained the following spells:

 Spells                   Type           Power      Damage    Failure   Level
 Magic Dart               Conj           0%         1d3       75%         1
 Slow                     Hex            0%         N/A       75%         1
 Call Imp                 Summ           0%         N/A       86%         2
 Cigotuvi's Dreadful Rot  Necr/Pois/Air  0%         N/A       86%         2
 Sublimation of Blood     Necr           0%         N/A       86%         2
 Confusing Touch          Hex            0%         N/A       98%         3
 Gell's Gravitas          Tloc           0%         N/A       98%         3
 Mephitic Cloud           Conj/Pois/Air  0%         N/A       98%         3
 Teleport Other           Tloc           0%         N/A       98%         3
 Vampiric Draining        Necr           0%         2d6       98%         3
 Animate Armour           Summ/Erth      0%         N/A       100%        4
 Dispel Undead            Necr           0%         3d6       100%        4
 Petrify                  Tmut/Erth      0%         N/A       100%        4
 Blade Hands              Tmut           0%         N/A       100%        5
 Irradiate                Conj/Tmut      0%         3d11      100%        5
 Death Channel            Necr           0%         N/A       100%        6
 Dispersal                Tloc           0%         N/A       100%        6
 Iron Shot                Conj/Erth      0%         9d1       100%        6


Dungeon Overview and Level Annotations

Branches:
Dungeon (9/15)             Temple (1/1) D:4             Orc (0/2) D:9
   Lair: D:8-11

Altars:
Ashenzari
Cheibriados
Dithmenos
Elyvilon
Fedhas
Gozag
Hepliaklqana
Makhleb
Nemelex Xobeh
Okawaru
Qazlal
Ru
Sif Muna
Trog
Vehumet
Wu Jian
Xom
Yredelemnul
Zin

Shops:
D:2 (   D:3 ?


Innate Abilities, Weirdness & Mutations

You are amphibious.
You cover ground slowly.
You can hop short distances.
You have an extended range of vision and can be seen from far away.
You have supernaturally acute eyesight. (SInv)
You are resistant to electric shocks. (rElec)
You are weak. (Str -2)


Message History

The two-headed ogre is heavily wounded.
Your +4 falchion "Xuiro" {spect, rElec Int+2 Dex+4 SInv} hits the two-headed ogre!
You slash the two-headed ogre!
The two-headed ogre is almost dead.
Your +4 falchion "Xuiro" {spect, rElec Int+2 Dex+4 SInv} hits the two-headed ogre but does no damage.
The two-headed ogre hits you with a +0 giant club!!
* * * LOW HITPOINT WARNING * * *
The two-headed ogre closely misses you.
You hit the two-headed ogre.
The two-headed ogre is almost dead.
Your +4 falchion "Xuiro" {spect, rElec Int+2 Dex+4 SInv} hits the two-headed ogre.
You block the two-headed ogre's attack.
The two-headed ogre hits you with a +0 giant club!
* * * LOW HITPOINT WARNING * * *
You hit the two-headed ogre.
You kill the two-headed ogre!
Cheibriados appreciates the change of pace.
Your Fighting skill increases to level 10!
Your Long Blades skill increases to level 7!
Your Armour skill increases to level 10!
You start resting.
A skeletal warrior comes into view. It is wielding a +0 short sword.
A skeletal warrior is nearby!
As you read the scroll of teleportation, it crumbles to dust.
You feel strangely unstable.
The skeletal warrior attacks as you move away!
The skeletal warrior hits you but does no damage.
Your surroundings suddenly seem different.
The manticore flicks its tail.
The volley of spikes hits you but does no damage.
The manticore flicks its tail.
The volley of spikes hits you!
The barbed spikes become lodged in your body.
* * * LOW HITPOINT WARNING * * *
The barbs in your skin will harm you if you move.
Continue?
The barbed spikes dig painfully into your body as you move.
* * * LOW HITPOINT WARNING * * *
There is a stone staircase leading up here.
The barbed spikes dig painfully into your body as you move.
You die...

... ##..#.#####..####'######..##.
#.###..#####.##..##...##..##..##.
.................................
.#.....H.........................
.#...#...........................
.##..####[#######################
.##'#####.###..####.#############
........................+.......#
.............H..@.......#......##
..#.##.##..##..#######..###.####_
#############..##..###..###'###~~
#.......#..........~≈~
#.......#..........~≈.
##########.######.##.##~≈≈
##>..######.###.##.#####.~~
#......#..............#....
#......#......[[......#....


You could see a manticore.

Vanquished Creatures
  A two-headed ogre (D:9)
  Pikel (D:4)
  2 kobold demonologists (D:9)
  A wyvern (D:9)
  An acid dragon (D:9)
  A water moccasin (D:8)
  Duvessa (D:7)
  2 black bears (D:6)
  An ice beast (D:8)
  2 orc warriors
  An ogre (D:7)
  2 centaurs
  A lemure (Temple)
  2 kobold brigands
  2 phantoms (D:5)
  3 bullfrogs
  2 scorpions
  3 wights (D:6)
  Dowan (D:7)
  5 howler monkeys
  4 orc priests
  2 hounds
  3 jellies
  2 sleepcaps
  5 orc wizards
  Natasha (thrice) (D:4)
  3 iguanas
  Robin (D:4)
  6 gnolls
  8 adders
  2 shadow imps
  4 white imps
  2 ufetubi
  2 worms
  4 dart slugs
  24 orcs
  11 endoplasms
  5 giant cockroaches
  20 goblins
  13 hobgoblins
  10 jackals
  4 quokkas
  6 ball pythons
  9 bats
  8 frilled lizards
  13 kobolds
  7 rats
216 creatures vanquished.

Vanquished Creatures (others)
  9 plants
9 creatures vanquished.

Grand Total: 225 creatures vanquished

Notes
Turn   | Place    | Note
-------+----------+-------------------------------------------
     0 | D:1      | cforsyth the Barachi Fighter began the quest for the Orb.
     0 | D:1      | Reached XP level 1. HP: 18/18 MP: 1/1
    33 | D:1      | Reached XP level 2. HP: 11/25 MP: 2/2
   327 | D:1      | Reached XP level 3. HP: 30/30 MP: 3/3
   605 | D:1      | Found a faded altar of an unknown god.
   734 | D:2      | Reached XP level 4. HP: 28/37 MP: 4/4
  1148 | D:2      | Found Ybiex Mel's Antique Weapon Boutique.
  1488 | D:2      | Identified the +6 whip "Sajomum" {pain, Contam rPois rC++
                  | Dex+3}
  1745 | D:3      | Reached XP level 5. HP: 42/43 MP: 5/5
  1833 | D:3      | Found Foburcha's Magic Scroll Emporium.
  1937 | D:3      | Found an opulent altar of Gozag.
  2050 | D:3      | Found a glowing silver altar of Zin.
  2348 | D:4      | Noticed Natasha
  2352 | D:4      | Killed Natasha
  2555 | D:4      | Noticed Robin
  2565 | D:4      | Reached skill level 5 in Fighting
  2579 | D:4      | Killed Robin
  2580 | D:4      | Reached skill level 5 in Armour
  2786 | D:4      | Noticed Natasha
  2791 | D:4      | Killed Natasha
  2792 | D:4      | Reached XP level 6. HP: 51/51 MP: 6/6
  2807 | D:4      | Found a staircase to the Ecumenical Temple.
  2821 | Temple   | Entered the Ecumenical Temple
  3230 | D:4      | Reached skill level 5 in Shields
  3290 | D:4      | Gained mutation: You are resistant to electric shocks.
                  | (rElec) [potion of mutation]
  3290 | D:4      | Gained mutation: You have supernaturally acute eyesight.
                  | (SInv) [potion of mutation]
  3290 | D:4      | Gained mutation: You are weak. (Str -2) [potion of
                  | mutation]
  3801 | D:4      | Noticed Pikel
  3918 | D:4      | Killed Pikel
  3919 | D:4      | Reached XP level 7. HP: 5/59 MP: 2/7
  4365 | D:4      | Noticed Natasha
  4372 | D:4      | Killed Natasha
  4373 | D:4      | Reached XP level 8. HP: 55/65 MP: 8/8
  4546 | D:2      | Bought an ancient falchion for 144 gold pieces
  4546 | D:2      | Identified the +4 falchion "Xuiro" {spect, rElec Int+2
                  | Dex+4 SInv} (You bought it in a shop on level 2 of the
                  | Dungeon)
  4652 | D:5      | Entered Level 5 of the Dungeon
  4674 | D:5      | Reached skill level 1 in Long Blades
  5519 | D:6      | Identified the +5 scale mail of Space {Dex+4}
  5646 | D:6      | Reached XP level 9. HP: 34/74 MP: 6/9
  5778 | D:6      | Identified the ring of Duafof {Drain rPois rF+ rN+ EV+5
                  | Str+4 Dex+5}
  6216 | D:6      | Found a white marble altar of Elyvilon.
  6216 | D:6      | Found a radiant altar of Vehumet.
  6489 | D:7      | Found a sacrificial altar of Ru.
  6538 | D:7      | Noticed Duvessa
  6540 | D:7      | Noticed Dowan
  6548 | D:7      | Killed Duvessa
  6554 | D:7      | Killed Dowan
  6885 | D:7      | Reached skill level 5 in Long Blades
  7317 | D:8      | Identified the +9 mace of Hugging Extermination {heavy,
                  | Will+ rCorr}
  8004 | D:9      | Found a snail-covered altar of Cheibriados.
  8009 | D:9      | Became a worshipper of Cheibriados the Contemplative
  8109 | D:9      | Reached XP level 10. HP: 80/83 MP: 8/10
  8148 | D:9      | Found a shadowy altar of Dithmenos.
  8150 | D:9      | Found a hazy altar of Hepliaklqana.
  8186 | D:9      | Found a staircase to the Orcish Mines.
  8190 | D:9      | Noticed a kobold demonologist
  8190 | D:9      | Noticed a kobold demonologist
  8194 | D:9      | Killed a kobold demonologist
  8196 | D:9      | Noticed a rust devil
  8201 | D:9      | Killed a kobold demonologist
  8204 | D:9      | Noticed a manticore
  8510 | D:9      | Noticed a four-headed hydra
  8513 | D:9      | Noticed a two-headed ogre
  8520 | D:9      | Noticed a manticore
  8660 | D:9      | Killed a two-headed ogre
  8661 | D:9      | Reached skill level 10 in Fighting
  8661 | D:9      | Reached skill level 10 in Armour
  8661 | D:9      | Noticed a skeletal warrior
  8672 | D:9      | HP: 2/85 [barbs]
  8674 | D:9      | Succumbed to barbed spike wounds

Illustrated notes

Levels and vault maps discovered:
D:1:      dpeg_arrival_simpleton_c, layout_basic,
          shapermc_ecumenical_altar_acropolis, minmay_lizard_pond
D:2:      layout_basic, serial_shops, shop, minmay_goblin_outpost
D:3:      layout_basic, pdpol_temple_overflow_zin_treasury_gozag_greed,
          serial_shops, nicolae_shop_window_shopping, serial_curves,
          eino_curves_02, eino_curves_04, kennysheep_generic_room_13
D:4:      wad_lake_hut, layout_basic, minmay_temple_entry_slanted, st_stairs_6,
          uniq_pikel, uniq_natasha, uniq_robin
D:5:      layout_cave_pools, kb_lookout_dungeons_type,
          minmay_fractal_squares_gapless_5
D:6:      layout_cave_pools, gammafunk_temple_overflow_elements, serial_glass,
          glass_columns_a, glass_columns_a
D:7:      layout_loops_cross, nicolae_ru_sacrificial_ziggurat, uniq_duvessa
D:8:      layout_basic, minivault_26
D:9:      minmay_the_grid_octo_triangle [minmay_the_grid_octo_tetromino_candy,
          minmay_the_grid_octo_prize_square_snowflake,
          minmay_the_grid_octo_thin_diamonds], layout_gridville,
          riverfiend_overflow_shadow_ancestor,
          mainiacjoe_overflow_small_starburst, kennysheep_slug_shrine
Temple:   chequers_temple_sunken

Skill      XL: |  1  2  3  4  5  6  7  8  9 10 |
---------------+-------------------------------+-----
Armour         | 4 5 6 8 9 10 | 10.0
Fighting       | 4 5 6 8 9 10 | 10.0
Axes           | 3 |  3.2
Shields        | 4 6 7 8 9 |  9.2
Long Blades    | 3 6 7 |  7.1

Action                     |  1- 3 |  4- 6 |  7- 9 | 10-12 || total
---------------------------+-------+-------+-------+-------++-------
  Melee: War axe           |   105 |   228 |     4 |       ||   337
         Falchion          |       |       |   185 |    13 ||   198
         Mace              |       |       |    49 |    14 ||    63
  Evoke: Wand              |       |     1 |       |       ||     1
    Use: Scroll            |       |     5 |       |     5 ||    10
         Potion            |       |     3 |       |       ||     3
   Stab: Distracted        |       |       |     1 |       ||     1
 Armour: Scale mail        |    80 |    95 |   139 |    45 ||   359
         Skin              |       |    31 |       |       ||    31
  Dodge: Dodged            |    61 |   102 |   120 |    35 ||   318
  Block: Buckler           |    31 |    70 |    80 |    23 ||   204

Table legend: (Time is in decaauts)
 A = Elapsed time spent in this place.
 B = Non-inter-level travel time spent in this place.
 C = Inter-level travel time spent in this place.
 D = Time resting spent in this place.
 E = Time spent auto-exploring this place.
 F = Levels seen in this place.
 G = Mean time per level.
                   A        B        C        D        E       F      G
               +--------+--------+--------+--------+--------+-----+--------+
         Total |  10110 |   9224 |    886 |    865 |   6670 |  10 | 1011.0 |
       Dungeon |   9528 |   8672 |    856 |    628 |   6416 |   9 | 1058.7 |
        Temple |    582 |    553 |     29 |    237 |    254 |   1 |  582.0 |
               +--------+--------+--------+--------+--------+-----+--------+

Top non-repeatable levels by time:
     D:4: 2026 daAuts
     D:2: 1254 daAuts
     D:6: 1156 daAuts
     D:3: 928 daAuts
     D:9: 926 daAuts
     D:7: 925 daAuts
     D:5: 814 daAuts
     D:1: 757 daAuts
     D:8: 738 daAuts
  Temple: 582 daAuts
